 Dungeon Crawl Stone Soup version 0.24-a0-317-g5cb8de4 (webtiles) character file.

Game seed: 15066241699809424319

500 Alphaeus the Ruffian (level 6, -3/57 HPs)
             Began as a Troll Transmuter on May 17, 2019.
             Slain by a scorpion (6 damage)
             ... on level 4 of the Dungeon.
             The game lasted 00:04:30 (2972 turns).

Alphaeus the Ruffian (Troll Transmuter)             Turns: 2972, Time: 00:04:31

Health: -3/57      AC:  6    Str: 21    XL:     6   Next: 94%
Magic:  8/8        EV: 10    Int: 11    God:
Gold:   215        SH:  0    Dex: 10    Spells: 8/9 levels left

rFire    . . .     SeeInvis .     - Unarmed
rCold    . . .     Gourm    +   (no shield)
rNeg     . . .     Faith    .   b - +0 robe
rPois    .         Spirit   .   (helmet restricted)
rElec    .         Reflect  .   (no cloak)
rCorr    .         Harm     .   (gloves unavailable)
MR       .....                  (boots unavailable)
Stlth    +.........             (no amulet)
HPRegen  0.59/turn              n - +2 ring of strength
MPRegen  0.11/turn              (no ring)

@: lethally poisoned (-3 -> -4), flying
A: large, unfitting armour, claws 3, fast metabolism 3, gourmand, regeneration
1, shaggy fur 1, tough skin 3
a: no special abilities


You were on level 4 of the Dungeon.
You were completely stuffed.

You visited 1 branch of the dungeon, and saw 4 of its levels.

You collected 215 gold pieces.

Inventory:

Missiles
 a - 35 arrows
 f - 77 stones (quivered)
 h - 7 curare-tipped darts
 p - 8 boomerangs
Armour
 b - a +0 robe (worn)
Jewellery
 n - a +2 ring of strength (left claw)
Wands
 q - a wand of polymorph (11)
Scrolls
 c - a scroll of teleportation
 e - a scroll of blinking {unknown}
 g - 3 scrolls of random uselessness {unknown}
 j - a scroll of amnesia
 o - a scroll of magic mapping {unknown}
Potions
 l - a potion of curing {unknown}
 m - 2 potions of flight
Comestibles
 d - 9 rations
 i - 2 chunks of flesh


   Skills:
 + Level 2.0 Fighting
 + Level 1.6 Armour
 + Level 2.5 Dodging
 * Level 4.7 Unarmed Combat
 + Level 2.0 Spellcasting
 * Level 3.1 Transmutations


You had 8 spell levels left.
You knew the following spells:

 Your Spells              Type           Power        Failure   Level  Hunger
a - Beastly Appendage     Tmut           #.....       9%          1    ##.....

Your spell library contained the following spells:

 Spells                   Type           Power        Failure   Level  Hunger
 Sticks to Snakes         Tmut           #.......     12%         2    ###....
 Spider Form              Tmut/Pois      #.........   43%         3    ####...
 Ice Form                 Ice/Tmut       #.......     83%         4    #####..
 Blade Hands              Tmut           #.........   92%         5    ######.


Dungeon Overview and Level Annotations

Branches:
Dungeon (4/15)
 Temple: D:4-7

Altars:
Ashenzari
Fedhas
Kikubaaqudgha
Qazlal
Trog
Yredelemnul

Shops:
D:4 =

Annotations:
D:4 CanisDingus's ghost, amateur GnWn


Innate Abilities, Weirdness & Mutations

You are too large for most types of armour.
You have claws for hands.
Your metabolism is lightning-fast.
You like to eat raw meat.
Your natural rate of healing is unusually fast.
You are covered in fur. (AC +1)
You have extremely tough skin. (AC +3)


Message History

You are too injured to fight recklessly!
You are too injured to fight recklessly!
You scratch the iguana.
The iguana is almost dead.
You feel sick. The iguana misses you. The adder misses you.
You barely miss the iguana.
The iguana is almost dead.
You feel sick. The iguana bites you! The adder bites you.
* * * LOW HITPOINT WARNING * * *
You barely miss the iguana.
The iguana is almost dead.
You feel sick. The adder bites you but does no damage. The iguana bites you!
* * * LOW HITPOINT WARNING * * *
It was a potion of flight.
You feel very buoyant.
You fly up into the air.
You feel sick. The adder completely misses you.
The scorpion closely misses you. The iguana barely misses you.
It was a potion of magic.
Magic courses through your body.
You feel sick. The adder bites you but does no damage. The scorpion stings you.
You die...

..#.....<..#
.#........#≈# ## .
.........#%# # ..#
....#........#≈#.##...
...##........#≈#....##
##.......# #..#W#.....#
##..###...###..#S#.....#
...>...........#+#.....#
.....##.#..###..@S......
.....##.##...#..sl......
.........#..##..........
........##..##.##....##.
........#............#
........#.......#.....>
.##......#.###.##...#...
..#............# #.##...
...............#


You could see a scorpion, an iguana, CanisDingus's ghost and 2 adders.

Vanquished Creatures
  Grinder (D:3)
  A sky beast (D:3)
  A hound (D:4)
  Jessica (D:3)
  Terence (D:3)
  6 adders
  2 worms
  2 dart slugs (D:1)
  A leopard gecko (D:3)
  6 orcs
  A ball python (D:1)
  5 giant cockroaches
  12 goblins
  4 hobgoblins
  4 jackals (D:4)
  3 quokkas
  12 bats
  2 frilled lizards (D:1)
  8 kobolds
  4 rats
77 creatures vanquished.

Notes
Turn   | Place    | Note
-------+----------+-------------------------------------------
     0 | D:1      | Alphaeus the Troll Transmuter began the quest for the Orb.
     0 | D:1      | Reached XP level 1. HP: 18/18 MP: 1/1
   197 | D:1      | Reached XP level 2. HP: 23/26 MP: 2/2
   528 | D:1      | Reached skill level 1 in Fighting
  1154 | D:2      | Found a blossoming altar of Fedhas.
  1154 | D:2      | Found a stormy altar of Qazlal.
  1168 | D:2      | Reached XP level 3. HP: 25/33 MP: 4/4
  1623 | D:2      | Found an ancient bone altar of Kikubaaqudgha.
  1626 | D:2      | Found a bloodstained altar of Trog.
  1626 | D:2      | Found a shattered altar of Ashenzari.
  1627 | D:2      | Found a basalt altar of Yredelemnul.
  1807 | D:3      | Noticed Grinder
  1816 | D:3      | Killed Grinder
  1816 | D:3      | Reached skill level 1 in Armour
  1816 | D:3      | Reached skill level 4 in Unarmed Combat
  1816 | D:3      | Reached XP level 4. HP: 22/42 MP: 5/5
  1816 | D:3      | Reached XP level 5. HP: 26/49 MP: 6/6
  1955 | D:3      | Noticed a sky beast
  1960 | D:3      | Noticed Terence
  2079 | D:3      | Reached XP level 6. HP: 57/57 MP: 7/7
  2083 | D:3      | Noticed Jessica
  2091 | D:3      | Killed Jessica
  2364 | D:3      | Killed Terence
  2397 | D:3      | Killed a sky beast
  2699 | D:4      | Found Surueqydgh's Jewellery Shoppe.
  2835 | D:4      | Found a runed translucent door.
  2943 | D:4      | Noticed CanisDingus's ghost (amateur GnWn)
  2972 | D:4      | Slain by a scorpion

Levels and vault maps discovered:
D:1:      dpeg_arrival_arbitrary_a, layout_basic, serial_glass, glass_columns_b,
          glass_columns_a
D:2:      layout_rooms, grunt_temple_overflow_forces_of_nature,
          chequers_temple_overflow_statue_of_worship, kennysheep_boxes
D:3:      layout_rooms, first_ration, hangedman_decor_riveting,
          corexii_corridor_pit, uniq_jessica, uniq_grinder, uniq_terence
D:4:      layout_cave_pools, serial_shops, shop_statue, ebering_ghost_sewer_d,
          uniq_natasha

Skill      XL: |  1  2  3  4  5  6 |
---------------+-------------------+-----
Fighting       | 1 2 |  2.0
Transmutations | 2 3 |  3.1
Armour         | 1 |  1.6
Dodging        | 2 |  2.5
Unarmed Combat | 4 |  4.7
Spellcasting   | 2 |  2.0

Action                   |  1- 3 |  4- 6 || total
-------------------------+-------+-------++-------
Melee: Unarmed           |   139 |   138 ||   277
       Punch             |       |     1 ||     1
  Use: Scroll            |     6 |     1 ||     7
       Potion            |       |     2 ||     2
  Eat: Chunk             |    22 |    11 ||    33
Armor: Robe              |    74 |    68 ||   142
Dodge: Dodged            |    95 |    93 ||   188

Table legend:
 A = Non-vault XP
 B = Vault XP
 C = Vault XP percentage of total XP
 D = Non-vault monster count
 E = Vault monster count
 F = Vault count percentage of total count
                 A         B        C        D         E       F
            +---------+---------+-------+---------+---------+-------
      Total |     366 |     349 |  48.8 |      73 |       4 |   5.2
            +---------+---------+-------+---------+---------+-------
        D:1 |      35 |       0 |   0.0 |      21 |       0 |   0.0
        D:2 |      44 |       0 |   0.0 |      16 |       0 |   0.0
        D:3 |     211 |     335 |  61.4 |      26 |       3 |  10.3
        D:4 |      76 |      14 |  15.6 |      10 |       1 |   9.1
            +---------+---------+-------+---------+---------+-------
